 Dungeon Sprint DCSS version 0.29-a0-360-g8ed1089bbe (webtiles) character file.

Game seed: 2031984747363918880

10600000 HendSelp the Conqueror (level 27, -83/276 (323) HPs)
             Began as an Ogre Monk on Apr 28, 2022.
             Was the Champion of Makhleb.
             Killed from afar by a wretched soul (107 damage)
             ... with a bolt of negative energy
             ... in the Dungeon (Sprint VIII: "Arena of Blood").
             The game lasted 00:02:57 (106 turns).

HendSelp the Conqueror (Ogre Monk)                   Turns: 106, Time: 00:02:58

HP:   -83/276 (323) AC:  4    Str: 33    XL:     27
MP:   31/53         EV: 20    Int: 11    God:    Makhleb [******]
Gold: 0             SH:  0    Dex: 11    Spells: 78/78 levels left

rFire   . . .      SeeInvis +   j - +∞ Axe of Woe
rCold   . . .      Faith    .   (shield currently unavailable)
rNeg    . . .      Spirit   .   b - +0 robe
rPois   .          Reflect  .   (helmet restricted)
rElec   .          Harm     .   (no cloak)
rCorr   .          Rampage  .   (gloves unavailable)
Will    ++...      NoTele   +   (boots unavailable)
Stlth   +++++++++.              (no amulet)
HPRegen 0.56/turn               f - ring of see invisible
MPRegen 0.33/turn               (no ring)

@: hasted and slowed, heavily drained
A: large, unfitting armour, tough skin 1
a: Renounce Religion, Minor Destruction, Lesser Servant of Makhleb, Major
Destruction, Greater Servant of Makhleb


You were in the Dungeon.
You worshipped Makhleb.
Makhleb was exalted by your worship.
You visited 1 branch

Inventory:

Hand Weapons
 a - a +0 hand axe
 j - the +∞ Axe of Woe (weapon)
   (You found it in the Dungeon)
Armour
 b - a +0 robe (worn)
Jewellery
 f - a ring of see invisible (left hand)
Potions
 c - a potion of ambrosia
 d - a potion of curing
 e - a potion of heal wounds
 g - 2 potions of magic
 h - a potion of berserk rage


   Skills:
 O Level 27 Fighting
 + Level 22.6(25.4) Short Blades
 + Level 20.0(24.1) Long Blades
 O Level 27 Axes
 + Level 19.9(27) Maces & Flails
 + Level 21.5(27) Polearms
 + Level 21.5(27) Staves
 + Level 19.4(22.5) Slings
 + Level 19.4 Bows
 + Level 19.4 Crossbows
 + Level 24.4(27) Throwing
 + Level 21.0 Armour
 O Level 27 Dodging
 O Level 27 Stealth
 + Level 22.6 Shields
 + Level 22.6 Unarmed Combat
 + Level 26.3 Spellcasting
 + Level 22.6 Conjurations
 + Level 22.6 Hexes
 + Level 22.6 Summonings
 + Level 22.6 Necromancy
 + Level 22.6 Translocations
 + Level 22.6 Transmutations
 + Level 22.6 Fire Magic
 + Level 22.6 Ice Magic
 + Level 22.6 Air Magic
 + Level 22.6 Earth Magic
 + Level 22.6 Poison Magic
 + Level 26.3 Invocations
 + Level 21.0 Evocations


You had 78 spell levels left.
You didn't know any spells.
Your spell library was empty.

Dungeon Overview and Level Annotations

Branches:
Dungeon (1/1)

Altars:
Makhleb


Innate Abilities, Weirdness & Mutations

You are too large for most types of armour.
You have tough skin. (AC +1)


Message History

You slice the sculptor of flesh!!
You pulverise the sculptor of flesh into a thin bloody mist.
You destroy the sculptor of flesh!
Makhleb accepts your kill.
You feel better.
You hear a shout! x2
The tyrant waves its bony arms in wide circles.
The air twists around and strikes you!!!
* * * LOW HITPOINT WARNING * * *
The tyrant casts a spell.
The tyrant mumbles some strange words.
Your base Long Blades skill increases to level 20!
Your Armour skill increases to level 21!
Your Evocations skill increases to level 21!
Unknown command.
You slice the meat berserker!!
You fatally mangle the meat berserker.
You kill the meat berserker!
Makhleb accepts your kill.
You feel better.
The large abomination disappears in a puff of smoke!
You hear a shout! x2
An accursed comes into view.
The eight-headed meat hydra calls on the powers of darkness!
The eight-headed meat hydra convulses! x2; The bag of meat convulses!
The eight-headed meat hydra convulses!
The bag of meat convulses!
Your body is wracked with pain!
* * * LOW HITPOINT WARNING * * *
The meat berserker convulses!
The bag of meat convulses! x2
An accursed comes into view. x2
The accursed is engulfed in blazing flames.
The eight-headed meat hydra calls on the powers of darkness!
The eight-headed meat hydra convulses! x2; The bag of meat convulses!
The eight-headed meat hydra convulses!
Your body is wracked with pain!
* * * LOW HITPOINT WARNING * * *
The bag of meat convulses! x2; The meat berserker convulses!
The bag of meat is engulfed in blazing flames.
You hear a shout! x2
The wretched soul breathes negative energy at you.
The bolt of negative energy hits you!!!!
You feel drained.
You die...

..........)X.........#
.......##.##.#####....
........).....LXX.....
####..)..##.##.§......
.......))..DD)XDX.....
#.....)))..#o#.......#
#.....))X...§§§....###
.#....))X...)M§V°...M.
..#.....).Lo2@§o§oO...
........)...))§§§...M.
.........X..X..W......
......#))))...#......§
#.....#.)))...#.......
....###)W).)..###.....
§........###..........
#..O.ML.._..........
......#.....#....


You could see 4 accurseds, a tentacled monstrosity (summoned), a meat beast
(fast), 3 tyrants, 3 eight-headed meat hydras, a destroyer, 7 large
abominations, a dread, a meat berserker (berserk), a wretched soul (invisible)
and 4 bags of meat.

Vanquished Creatures
  4 hell beasts (D)
  3 royal mummies (D)
  A wraith (D)
  Harold (D)
  6 vampire knights (D)
  26 ogres (D)
  6 two-headed ogres (D)
  4 liches (D)
  4 phantoms (D)
  57 orcs (D)
  7 skeletal warriors (D)
119 creatures vanquished.

Vanquished Creatures (others)
  An ogre (D)
  2 two-headed ogres (D)
  2 orcs (D)
5 creatures vanquished.

Grand Total: 124 creatures vanquished

Notes
Turn   | Place    | Note
-------+----------+-------------------------------------------
     0 | D        | Found the +∞ Axe of Woe
     0 | D        | HendSelp the Ogre Monk began the quest for the Orb.
     0 | D        | Reached XP level 1. HP: 24/24 MP: 1/1
     0 | D        | Noticed a bag of meat
     2 | D        | Noticed a bag of meat
     4 | D        | Became a worshipper of Makhleb the Destroyer
     4 | D        | Reached * piety under Makhleb
     4 | D        | Reached ** piety under Makhleb
     6 | D        | Killed a bag of meat
     6 | D        | Noticed a bag of meat
     7 | D        | Reached skill level 15 in Axes
     7 | D        | Reached XP level 2. HP: 65/65 MP: 2/2
     7 | D        | Reached XP level 3. HP: 74/74 MP: 3/3
     7 | D        | Reached XP level 4. HP: 83/83 MP: 4/4
     7 | D        | Reached XP level 5. HP: 91/91 MP: 5/5
     7 | D        | Reached XP level 6. HP: 101/101 MP: 6/6
     7 | D        | Reached XP level 7. HP: 109/109 MP: 7/7
     7 | D        | Reached XP level 8. HP: 119/119 MP: 8/8
     7 | D        | Reached XP level 9. HP: 127/127 MP: 9/9
     7 | D        | Reached XP level 10. HP: 136/136 MP: 10/10
     7 | D        | Reached XP level 11. HP: 145/145 MP: 11/11
     8 | D        | Noticed a bag of meat
     9 | D        | Noticed a bag of meat
     9 | D        | Noticed a meat berserker
     9 | D        | Noticed a bag of meat
     9 | D        | Noticed a bag of meat
     9 | D        | Noticed a bag of meat
     9 | D        | Noticed a meat berserker
    10 | D        | Noticed a bag of meat
    10 | D        | Noticed a bag of meat
    10 | D        | Noticed a meat berserker
    10 | D        | Noticed a bag of meat
    10 | D        | Noticed a meat berserker
    11 | D        | Noticed a meat berserker
    11 | D        | Noticed a meat berserker
    11 | D        | Noticed a bag of meat
    11 | D        | Noticed a bag of meat
    12 | D        | Killed a meat berserker
    12 | D        | Noticed a bag of meat
    13 | D        | Reached skill level 5 in Stealth
    13 | D        | Reached XP level 12. HP: 169/169 MP: 12/12
    13 | D        | Killed a bag of meat
    13 | D        | Noticed a bag of meat
    14 | D        | Reached XP level 13. HP: 182/182 MP: 13/13
    14 | D        | Killed a meat berserker
    14 | D        | Reached *** piety under Makhleb
    14 | D        | Killed a bag of meat
    14 | D        | Killed a bag of meat
    14 | D        | Noticed a bag of meat
    14 | D        | Noticed a bag of meat
    15 | D        | Reached skill level 27 in Fighting
    15 | D        | Reached XP level 14. HP: 131/198 MP: 14/14
    15 | D        | Noticed a meat berserker
    15 | D        | Killed a meat berserker
    15 | D        | Reached **** piety under Makhleb
    15 | D        | Killed a meat berserker
    15 | D        | Killed a bag of meat
    15 | D        | Killed a bag of meat
    15 | D        | Killed a bag of meat
    15 | D        | Reached ***** piety under Makhleb
    15 | D        | Noticed a bag of meat
    16 | D        | Reached skill level 27 in Axes
    16 | D        | Reached skill level 27 in Dodging
    16 | D        | Reached XP level 15. HP: 206/206 MP: 15/15
    16 | D        | Reached XP level 16. HP: 217/217 MP: 16/16
    16 | D        | Killed a meat berserker
    17 | D        | Killed a meat berserker
    18 | D        | Reached XP level 17. HP: 226/226 MP: 17/17
    18 | D        | Noticed a large bag of meat
    19 | D        | Reached skill level 27 in Stealth
    19 | D        | Reached ****** piety under Makhleb
    19 | D        | Noticed a meat berserker
    20 | D        | Killed a meat berserker
    21 | D        | Reached skill level 5 in Spellcasting
    21 | D        | Reached skill level 5 in Invocations
    21 | D        | Reached XP level 18. HP: 236/236 MP: 17/25
    22 | D        | Noticed a destroyer
    22 | D        | Noticed a large bag of meat
    23 | D        | Reached skill level 5 in Short Blades
    23 | D        | Reached skill level 5 in Polearms
    23 | D        | Reached skill level 5 in Staves
    23 | D        | Reached skill level 5 in Armour
    23 | D        | Reached skill level 5 in Shields
    23 | D        | Reached skill level 5 in Unarmed Combat
    23 | D        | Reached skill level 5 in Conjurations
    23 | D        | Reached skill level 5 in Hexes
    23 | D        | Reached skill level 5 in Summonings
    23 | D        | Reached skill level 5 in Necromancy
    23 | D        | Reached skill level 5 in Translocations
    23 | D        | Reached skill level 5 in Transmutations
    23 | D        | Reached skill level 5 in Fire Magic
    23 | D        | Reached skill level 5 in Ice Magic
    23 | D        | Reached skill level 5 in Air Magic
    23 | D        | Reached skill level 5 in Earth Magic
    23 | D        | Reached skill level 5 in Poison Magic
    23 | D        | Reached skill level 5 in Evocations
    23 | D        | Noticed a large bag of meat
    23 | D        | Killed a large bag of meat
    24 | D        | Reached skill level 5 in Long Blades
    24 | D        | Reached skill level 5 in Maces & Flails
    24 | D        | Reached skill level 5 in Slings
    24 | D        | Reached skill level 5 in Bows
    24 | D        | Reached skill level 5 in Crossbows
    24 | D        | Reached XP level 19. HP: 204/245 MP: 17/31
    25 | D        | Noticed a large bag of meat
    26 | D        | Noticed a large bag of meat
    28 | D        | Reached skill level 10 in Spellcasting
    28 | D        | Reached skill level 10 in Invocations
    28 | D        | Killed a meat berserker
    28 | D        | Noticed an eight-headed meat hydra
    28 | D        | Noticed a large bag of meat
    29 | D        | Reached XP level 20. HP: 256/256 MP: 18/34
    29 | D        | Noticed The Servant
    29 | D        | Noticed a meat berserker
    30 | D        | Killed a large bag of meat
    30 | D        | Killed a destroyer
    31 | D        | Reached skill level 10 in Short Blades
    31 | D        | Reached skill level 10 in Polearms
    31 | D        | Reached skill level 10 in Staves
    31 | D        | Reached skill level 10 in Shields
    31 | D        | Reached skill level 10 in Unarmed Combat
    31 | D        | Reached skill level 10 in Conjurations
    31 | D        | Reached skill level 10 in Hexes
    31 | D        | Reached skill level 10 in Summonings
    31 | D        | Reached skill level 10 in Necromancy
    31 | D        | Reached skill level 10 in Translocations
    31 | D        | Reached skill level 10 in Transmutations
    31 | D        | Reached skill level 10 in Fire Magic
    31 | D        | Reached skill level 10 in Ice Magic
    31 | D        | Reached skill level 10 in Air Magic
    31 | D        | Reached skill level 10 in Earth Magic
    31 | D        | Reached skill level 10 in Poison Magic
    31 | D        | Reached XP level 21. HP: 163/265 MP: 18/37
    31 | D        | Killed a large bag of meat
    32 | D        | Reached skill level 10 in Long Blades
    32 | D        | Reached skill level 10 in Maces & Flails
    32 | D        | Reached skill level 10 in Slings
    32 | D        | Reached skill level 10 in Bows
    32 | D        | Reached skill level 10 in Crossbows
    32 | D        | Reached skill level 10 in Armour
    32 | D        | Reached skill level 10 in Evocations
    33 | D        | Killed The Servant
    34 | D        | Reached XP level 22. HP: 139/275 MP: 19/40
    34 | D        | Killed a large bag of meat
    34 | D        | Killed a large bag of meat
    35 | D        | Reached skill level 15 in Spellcasting
    35 | D        | Reached skill level 15 in Invocations
    35 | D        | Noticed a destroyer
    35 | D        | Killed a destroyer
    37 | D        | Noticed a destroyer
    37 | D        | Noticed a destroyer
    38 | D        | Noticed a destroyer
    39 | D        | Killed a destroyer
    39 | D        | Killed a large bag of meat
    41 | D        | Noticed a destroyer
    43 | D        | Reached skill level 15 in Throwing
    43 | D        | Reached XP level 23. HP: 157/284 MP: 21/43
    44 | D        | Killed a destroyer
    45 | D        | Noticed an accursed
    47 | D        | Killed a destroyer
    49 | D        | Reached skill level 15 in Short Blades
    49 | D        | Reached skill level 15 in Shields
    49 | D        | Reached skill level 15 in Unarmed Combat
    49 | D        | Reached skill level 15 in Conjurations
    49 | D        | Reached skill level 15 in Hexes
    49 | D        | Reached skill level 15 in Summonings
    49 | D        | Reached skill level 15 in Necromancy
    49 | D        | Reached skill level 15 in Translocations
    49 | D        | Reached skill level 15 in Transmutations
    49 | D        | Reached skill level 15 in Fire Magic
    49 | D        | Reached skill level 15 in Ice Magic
    49 | D        | Reached skill level 15 in Air Magic
    49 | D        | Reached skill level 15 in Earth Magic
    49 | D        | Reached skill level 15 in Poison Magic
    49 | D        | Noticed an accursed
    52 | D        | Noticed a tyrant
    53 | D        | Noticed an accursed
    55 | D        | Killed a destroyer
    56 | D        | Reached XP level 24. HP: 64/295 MP: 23/45
    56 | D        | Noticed a tyrant
    56 | D        | Killed an accursed
    57 | D        | Reached skill level 15 in Polearms
    57 | D        | Reached skill level 15 in Staves
    58 | D        | Killed an accursed
    59 | D        | Reached skill level 15 in Armour
    59 | D        | Reached skill level 15 in Evocations
    59 | D        | Killed a tyrant
    61 | D        | Reached XP level 25. HP: 69/304 MP: 23/46
    63 | D        | Reached skill level 15 in Long Blades
    63 | D        | Reached skill level 15 in Maces & Flails
    77 | D        | Noticed a meat beast
    79 | D        | Noticed a tyrant
    79 | D        | Noticed a tyrant
    80 | D        | Noticed a meat beast
    81 | D        | Reached skill level 15 in Slings
    81 | D        | Reached skill level 15 in Bows
    81 | D        | Reached skill level 15 in Crossbows
    81 | D        | Noticed a dread
    81 | D        | Noticed a large bag of meat
    82 | D        | Killed a meat beast
    83 | D        | Reached XP level 26. HP: 270/314 MP: 27/48
    83 | D        | Noticed a large bag of meat
    83 | D        | Noticed an accursed
    84 | D        | Noticed a meat beast
    84 | D        | Noticed a meat beast
    85 | D        | Killed a tyrant
    87 | D        | Killed a meat beast
    88 | D        | Killed a meat beast
    89 | D        | Reached XP level 27. HP: 42/323 MP: 28/50
    90 | D        | Killed a tyrant
    90 | D        | Killed a meat beast
    90 | D        | Noticed a dread
    96 | D        | Killed a large bag of meat
    98 | D        | Killed a tyrant
    98 | D        | Noticed a destroyer
   100 | D        | Noticed a tyrant
   100 | D        | Killed an accursed
   101 | D        | Noticed a meat beast
   103 | D        | Noticed a tyrant
   103 | D        | Killed a dread
   104 | D        | Noticed a tyrant
   104 | D        | Killed a large bag of meat
   106 | D        | Noticed an accursed
   106 | D        | Noticed an accursed
   106 | D        | Noticed an accursed
   106 | D        | Killed from afar by a wretched soul

Illustrated notes

Levels and vault maps discovered:
D:        meatsprint

Skill      XL: |  1  2  3  4  5  6  7  8  9 10 11 12 13 14 15 16 17 18 19 20 21 22 23 24 25 26 27 |
---------------+----------------------------------------------------------------------------------+-----
Fighting       | 19 23 25 27 | 27.0
Axes           | 15 18 20 24 27 | 27.0
Dodging        | 13 16 17 21 27 | 27.0
Stealth        | 4 5 6 7 14 24 27 | 27.0
Short Blades   | 4 6 8 10 12 13 15 16 18 20 22 | 22.6
Long Blades    | 3 5 7 9 11 12 13 14 16 17 20 | 20.0
Maces & Flails | 3 5 7 9 11 12 13 14 16 17 19 | 19.9
Polearms       | 4 6 8 10 11 13 14 16 17 19 21 | 21.5
Staves         | 4 6 8 10 11 13 14 16 17 19 21 | 21.5
Slings         | 3 5 7 9 10 11 13 14 15 17 19 | 19.4
Bows           | 3 5 7 9 10 11 13 14 15 17 19 | 19.4
Crossbows      | 3 5 7 9 10 11 13 14 15 17 19 | 19.4
Throwing       | 4 7 9 11 13 15 16 18 20 21 24 | 24.4
Armour         | 3 6 8 9 11 12 14 15 17 18 21 | 21.0
Shields        | 4 6 8 10 12 13 15 17 18 20 22 | 22.6
Unarmed Combat | 4 6 8 10 12 13 15 17 18 20 22 | 22.6
Spellcasting   | 5 8 10 12 14 16 18 19 21 23 26 | 26.3
Conjurations   | 4 6 8 10 12 13 15 16 18 20 22 | 22.6
Hexes          | 4 6 8 10 12 13 15 17 18 20 22 | 22.6
Summonings     | 4 6 8 10 12 13 15 17 18 20 22 | 22.6
Necromancy     | 4 6 8 10 12 13 15 17 18 20 22 | 22.6
Translocations | 4 6 8 10 12 13 15 17 18 20 22 | 22.6
Transmutations | 4 6 8 10 12 13 15 16 18 20 22 | 22.6
Fire Magic     | 4 6 8 10 12 13 15 17 18 20 22 | 22.6
Ice Magic      | 4 6 8 10 12 13 15 17 18 20 22 | 22.6
Air Magic      | 4 6 8 10 12 13 15 17 18 20 22 | 22.6
Earth Magic    | 4 6 8 10 12 13 15 17 18 20 22 | 22.6
Poison Magic   | 4 6 8 10 12 13 15 17 18 20 22 | 22.6
Invocations    | 5 8 10 12 14 16 18 19 21 23 26 | 26.3
Evocations     | 3 6 8 9 11 12 14 15 17 18 21 | 21.0

Action                   |  1- 3 |  4- 6 |  7- 9 | 10-12 | 13-15 | 16-18 | 19-21 | 22-24 | 25-27 || total
-------------------------+-------+-------+-------+-------+-------+-------+-------+-------+-------++-------
Melee: Executioner's axe |     1 |       |       |     2 |     2 |     7 |     7 |    20 |    28 ||    67
  Use: Scroll            |       |       |       |       |       |       |       |     1 |       ||     1
       Potion            |       |       |       |       |       |       |       |     1 |       ||     1
Armor: Robe              |       |       |       |       |       |       |       |       |     1 ||     1
Dodge: Dodged            |       |       |       |       |       |       |     2 |       |     1 ||     3

Table legend: (Time is in decaauts)
 A = Elapsed time spent in this place.
 B = Non-inter-level travel time spent in this place.
 C = Inter-level travel time spent in this place.
 D = Time resting spent in this place.
 E = Time spent auto-exploring this place.
 F = Levels seen in this place.
 G = Mean time per level.
                   A        B        C        D        E       F      G
               +--------+--------+--------+--------+--------+-----+--------+
         Total |     69 |     69 |      0 |      0 |      0 |   1 |   69.0 |
       Dungeon |     69 |     69 |      0 |      0 |      0 |   1 |   69.0 |
               +--------+--------+--------+--------+--------+-----+--------+

Top non-repeatable levels by time:
       D: 69 daAuts
